 Dungeon Crawl Stone Soup version 0.22-a0-512-g0943f25 (webtiles) character file.

9927 inc the Blocker (level 11, 0/71 HPs)
             Began as an Octopode Ice Elementalist on June 18, 2018.
             Was an Initiate of Gozag.
             Slain by a yak (14 damage)
             ... on level 1 of the Lair of Beasts.
             The game lasted 00:39:50 (15343 turns).

inc the Blocker (Octopode Ice Elementalist)        Turns: 15343, Time: 00:39:51

Health: 0/71       AC:  6    Str: 13    XL:     11   Next: 54%
Magic:  18/18      EV: 12    Int: 20    God:    Gozag
Gold:   2020       SH: 16    Dex: 12    Spells: 10/14 levels left

rFire    + + .     SeeInvis .   G - +3 Elemental Staff {rElec rF++ rC++ MR++ AC+5}
rCold    + + +     Gourm    .   f - +5 shield
rNeg     + . .     Faith    .   (helmet restricted)
rPois    .         Spirit   .   C - amulet of the acrobat
rElec    +         Reflect  .   m - ring of protection from cold
rCorr    .         Harm     .   r - ring of positive energy
MR       ++...                  y - ring of flight
Stlth    +++.......             H - +4 ring of strength
HPRegen  0.21/turn              (no ring)
MPRegen  0.16/turn              (no ring)
                                (no ring)
                                (no ring)

@: lethally poisoned (0 -> -5), gold aura
A: almost no armour, stealthy swim, amphibious, 8 rings, constrict 8, camouflage
1, gelatinous body 1
a: Potion Petition, Call Merchant, Bribe Branch, Renounce Religion, Evoke Flight


You were on level 1 of the Lair of Beasts.
You worshipped Gozag.
Gozag was most pleased with you.
You were full.

You visited 3 branches of the dungeon, and saw 12 of its levels.

You collected 2057 gold pieces.
You paid 37 gold pieces to Gozag.

Inventory:

Hand Weapons
 a - a +0 short sword
 b - a +2 dagger of venom
 o - a +1 spear of flaming
 x - a +0 hand axe of freezing
 G - the +3 Elemental Staff (weapon) {rElec rF++ rC++ MR++ AC+5}
   (You took it off an orc on level 9 of the Dungeon)

   It affects your AC (+5).
   It greatly protects you from fire.
   It greatly protects you from cold.
   It insulates you from electricity.
   It affects your resistance to hostile enchantments.
Armour
 e - a +0 buckler
 f - a +5 shield (worn)
Jewellery
 d - an uncursed amulet of the gourmand
 m - a ring of protection from cold (left tentacle)
 r - a ring of positive energy (right tentacle)
 y - a ring of flight (on tentacle)
 C - an amulet of the acrobat (around mantle)
 D - an uncursed amulet of guardian spirit
 H - a +4 ring of strength (on tentacle)
Wands
 i - a wand of acid (1)
 v - a wand of flame (31)
 B - a wand of iceblast (8)
Scrolls
 g - 7 scrolls of remove curse
 h - 5 scrolls of teleportation
 j - 2 scrolls of enchant weapon {unknown}
 k - 2 scrolls of immolation {unknown}
 l - 2 scrolls of fear {unknown}
 t - a scroll of enchant armour
 w - a scroll of fog {unknown}
 E - 2 scrolls of amnesia {unknown}
Potions
 n - a potion of degeneration
 p - a potion of brilliance
 q - 3 potions of ambrosia
 s - a potion of heal wounds
 u - a potion of mutation {unknown}
Miscellaneous
 J - a fan of gales
Comestibles
 c - 7 rations


   Skills:
 - Level 5.0 Fighting
 - Level 0.3 Axes
 + Level 8.0 Staves
 - Level 2.0 Dodging
 - Level 2.7 Stealth
 - Level 10.5 Shields
 - Level 2.1 Spellcasting
   Level 1.0 Conjurations
 - Level 3.7 Charms
 - Level 3.3 Ice Magic
 + Level 10.4 Evocations


You had 10 spell levels left.
You knew the following spells:

 Your Spells              Type           Power        Failure   Level  Hunger
a - Freeze                Ice            ###.         7%          1    #......
b - Ozocubu's Armour      Chrm/Ice       ###.....     19%         3    ###....

Your spell library contained the following spells:

 Spells                   Type           Power        Failure   Level  Hunger
 Throw Frost              Conj/Ice       ##....       17%         2    ##.....
 Summon Ice Beast         Ice/Summ       #.......     80%         4    #####..
 Throw Icicle             Conj/Ice       ##......     73%         4    #####..


Dungeon Overview and Level Annotations

Branches:
Dungeon (10/15)            Temple (1/1) D:6            Lair (1/6) D:9
    Orc (0/2) D:10

Altars:
Cheibriados
Dithmenos
Elyvilon
Fedhas
Gozag
Hepliaklqana
Kikubaaqudgha
Nemelex Xobeh
Okawaru
Qazlal
Ru
Sif Muna
Trog
Uskayaw
Vehumet
Wu Jian
Xom
Yredelemnul
Zin
The Shining One
Beogh


Innate Abilities, Weirdness & Mutations

You cannot wear most types of armour.
You are very stealthy in the water. (Stealth+)
You are amphibious.
You can wear up to eight rings at the same time.
You can use your tentacles to constrict eight enemies at once.
Your skin changes colour to match your surroundings (Stealth+).
Your rubbery body absorbs attacks. (AC +1, EV +1)


Message History

You hit the yak.
You kill the yak!
You feel sick.
The yak is distracted by the nearby gold.
Unknown command.
The yak bellows!
You hit the yak.
The yak is no longer distracted by gold.
The yak is heavily wounded.
You feel sick. You block the yak's attack.
Unknown command.
Your shield prevents you from hitting the yak.
The yak is heavily wounded.
You block the yak's attack.
Unknown command.
You hit the yak.
The yak is severely wounded.
You feel sick. The yak gores you!
You die...
Your body crumbles into a pile of gold.

...... .........##.##.
..... ...............
..... .........P.....
...# #........... ###
#..# #...#..... .... #..#
#......... $ .....#..#
#.......[.
......$Y########...+.....
.....P.$@..........#.....
######.............####..
........................
###P###..########.#.####
## #### #####


You could see a yak.

Vanquished Creatures
  Erica (D:9)
  An orc knight (D:10)
  A black mamba (Lair:1)
  A spiny frog (Lair:1)
  2 dream sheep (D:8)
  2 hippogriffs (D:7)
  11 yaks
  A basilisk (Lair:1)
  5 vampire mosquitoes
  Grum (Lair:1)
  A hungry ghost (D:9)
  3 water moccasins
  A porcupine (Lair:1)
  Duvessa (D:7)
  A black bear (D:6)
  7 orc warriors (D:10)
  A sky beast (D:10)
  A swamp drake (Lair:1)
  2 centaurs
  2 wolves (Lair:1)
  An ogre (D:5)
  2 big kobolds (D:8)
  5 bullfrogs
  A gnoll sergeant (D:9)
  Dowan (D:7)
  4 scorpions
  5 killer bees
  2 vampire bats (D:2)
  5 howler monkeys
  3 crimson imps
  A bullfrog zombie (D:8)
  2 centaur zombies
  A quasit (D:10)
  3 jellies
  A gnoll shaman (D:5)
  4 hounds
  5 orc priests
  A centaur skeleton (D:9)
  Natasha (thrice) (D:3)
  10 orc wizards
  An iguana (D:10)
  13 worker ants
  2 hound zombies
  8 gnolls
  19 adders
  A shadow imp (D:9)
  2 oozes
  An adder skeleton (D:5)
  An adder zombie (D:5)
  2 worms
  8 leopard geckos
  34 orcs
  11 bats
  3 bat skeletons (D:2)
  3 bat zombies (D:2)
  6 giant cockroaches
  9 goblins
  5 hobgoblins
  8 jackals
  5 quokkas
  6 ball pythons
  4 frilled lizards
  A jackal skeleton (D:5)
  6 kobolds
  2 leopard gecko skeletons
  5 rats
  A plant (Lair:1)
273 creatures vanquished.

Vanquished Creatures (others)
  A wizard (D:9)
  A swamp drake (Lair:1)
  3 bullfrogs (D:7)
  A gnoll (D:9)
  A quokka zombie (D:7)
  A fungus (D:9)
  4 plants
  4 toadstools (D:1)
16 creatures vanquished.

Grand Total: 289 creatures vanquished

Notes
Turn   | Place    | Note
-------+----------+-------------------------------------------
     0 | D:1      | inc the Octopode Ice Elementalist began the quest for the Orb.
     0 | D:1      | Reached XP level 1. HP: 11/11 MP: 3/3
   309 | D:1      | Reached XP level 2. HP: 13/18 MP: 3/5
   618 | D:1      | Reached skill level 1 in Shields
   879 | D:1      | Reached XP level 3. HP: 17/22 MP: 6/6
  1391 | D:2      | Noticed an air elemental
  1392 | D:2      | Found a stormy altar of Qazlal.
  1396 | D:2      | Noticed an earth elemental
  1396 | D:2      | Noticed a water elemental
  1396 | D:2      | Noticed a fire elemental
  1432 | D:2      | Found an opulent altar of Gozag.
  1439 | D:2      | Reached XP level 4. HP: 14/27 MP: 7/7
  1460 | D:2      | Became a worshipper of Gozag Ym Sagoz the Greedy
  1869 | D:2      | Reached XP level 5. HP: 31/32 MP: 1/8
  2093 | D:2      | Found an ancient bone altar of Kikubaaqudgha.
  2131 | D:2      | Reached skill level 5 in Shields
  2131 | D:2      | Reached XP level 6. HP: 15/37 MP: 5/9
  2367 | D:2      | Found a white marble altar of Elyvilon.
  2724 | D:3      | Noticed Natasha
  2731 | D:3      | Killed Natasha
  3050 | D:3      | Noticed Natasha
  3058 | D:3      | Killed Natasha
  3179 | D:3      | Found a glowing golden altar of the Shining One.
  3482 | D:3      | Noticed Natasha
  3484 | D:3      | Killed Natasha
  4149 | D:3      | Reached XP level 7. HP: 26/42 MP: 6/10
  5030 | D:4      | Found a glowing silver altar of Zin.
  5253 | D:5      | Entered Level 5 of the Dungeon
  6812 | D:5      | Reached XP level 8. HP: 19/47 MP: 11/11
  7094 | D:6      | Found a blossoming altar of Fedhas.
  7163 | D:6      | Found a staircase to the Ecumenical Temple.
  7174 | Temple   | Entered the Ecumenical Temple
  7509 | D:6      | Reached skill level 1 in Fighting
  7926 | D:6      | Noticed a two-headed ogre
  8543 | D:7      | Reached skill level 5 in Fighting
  8644 | D:7      | Found a shimmering altar of Xom.
  8644 | D:7      | Noticed a hippogriff
  9329 | D:7      | Noticed a cyan ugly thing
  9386 | D:7      | Killed a hippogriff
  9386 | D:7      | Reached XP level 9. HP: 3/61 MP: 12/12
  9685 | D:7      | Learned a level 3 spell: Ozocubu's Armour
  9738 | D:7      | Noticed Duvessa
  9757 | D:7      | Killed Duvessa
  9757 | D:7      | Reached skill level 10 in Shields
  9757 | D:7      | Reached skill level 1 in Charms
  9787 | D:7      | Noticed Dowan
  9802 | D:7      | Killed Dowan
 10295 | D:8      | Found a snail-covered altar of Cheibriados.
 10710 | D:8      | Noticed a two-headed ogre
 10756 | D:9      | Noticed Erica
 11111 | D:9      | Found a deep blue altar of Sif Muna.
 11191 | D:9      | Found a bloodstained altar of Trog.
 11193 | D:9      | Noticed a wizard
 11201 | D:10     | Entered Level 10 of the Dungeon
 11217 | D:10     | Noticed a gargoyle
 11243 | D:9      | Killed a wizard
 11300 | D:9      | Found a shadowy altar of Dithmenos.
 11320 | D:9      | Reached skill level 1 in Evocations
 11610 | D:8      | Noticed a two-headed ogre
 12114 | D:8      | Reached skill level 5 in Evocations
 12114 | D:8      | Reached XP level 10. HP: 55/66 MP: 10/14
 12551 | D:8      | Noticed a two-headed hydra
 12594 | D:8      | Reached skill level 1 in Staves
 13247 | D:9      | Found a staircase to the Lair.
 13383 | D:10     | Noticed an orc knight
 13518 | D:10     | Killed an orc knight
 13527 | D:10     | Reached skill level 5 in Staves
 13754 | D:10     | Found a roughly hewn altar of Beogh.
 13756 | D:10     | Found a staircase to the Orcish Mines.
 14099 | D:10     | Noticed a six-headed hydra
 14101 | D:10     | Noticed a deep elf mage
 14101 | D:10     | Noticed a cyclops
 14102 | D:10     | Noticed a deep elf mage
 14223 | D:9      | Killed Erica
 14223 | D:9      | Reached XP level 11. HP: 54/71 MP: 15/18
 14550 | Lair:1   | Entered Level 1 of the Lair of Beasts
 14554 | Lair:1   | Noticed Grum
 14709 | Lair:1   | Killed Grum
 15023 | Lair:1   | Reached skill level 10 in Evocations
 15343 | Lair:1   | Slain by a yak

Vault maps used:
D:1:      ldierk_walled_garden_2, grunt_decor_one_mirror
D:2:      nicolae_qazlal_style_of_elements, kennysheep_vampire_church,
          nicolae_gozag_seed_capital, lemuel_doored_altar, minmay_snake_closets
D:3:      lemuel_crystal_altar, uniq_natasha
D:4:      kennysheep_little_box, first_ration
D:6:      fedhas_bush_and_centaur_altar, minmay_temple_entry_statues_fountains
D:7:      xom_confusion_cloud, uniq_duvessa
D:8:      lemuel_round_altar, amethyst_overflow_temple_binary, hangedman_ranch,
          grunt_ministairs_15
D:9:      lemuel_round_altar, kennysheep_mini_moat, dpeg_oklobed_lair,
          trog_wizard, uniq_erica
D:10:     minmay_the_grid_octo_triangle, david_orc_5
Temple:   compressed_dpeg_triangle_lava_temple
Lair:1:   pond, uniq_grum

Skill      XL: |  1  2  3  4  5  6  7  8  9 10 11 |
---------------+----------------------------------+-----
Shields        | 1 2 3 5 6 8 9 10 | 10.5
Fighting       | 5 |  5.0
Charms         | 3 |  3.7
Evocations     | 5 9 10 | 10.4
Staves         | 6 8 |  8.0
Axes           | |  0.3
Dodging        | |  2.0
Stealth        | |  2.7
Spellcasting   | |  2.1
Conjurations   | |  1.0
Ice Magic      | |  3.3

Action                   |  1- 3 |  4- 6 |  7- 9 | 10-12 || total
-------------------------+-------+-------+-------+-------++-------
Melee: Short sword       |    66 |    47 |       |       ||   113
       Constrict         |    17 |    33 |    62 |    40 ||   152
       Tentacles         |     8 |    18 |    57 |    44 ||   127
       Spear             |       |    97 |       |       ||    97
       Hand axe          |       |       |   143 |       ||   143
       Dagger            |       |       |   108 |       ||   108
       Staff             |       |       |    63 |   267 ||   330
 Cast: Freeze            |     6 |    30 |    52 |     1 ||    89
       Ozocubu's Armour  |       |       |     7 |     7 ||    14
  Use: Scroll            |       |       |     9 |     4 ||    13
       Potion            |       |       |     5 |     7 ||    12
 Stab: Sleeping          |     9 |    29 |     8 |     4 ||    50
       Distracted        |     1 |       |     1 |     2 ||     4
       Invisible         |       |       |       |     2 ||     2
  Eat: Chunk             |     8 |       |       |       ||     8
       Ration            |       |     2 |     9 |     3 ||    14
Armor: Skin              |     3 |    13 |    21 |    54 ||    91
Dodge: Dodged            |    47 |    75 |   132 |    69 ||   323
Block: Buckler           |    10 |    32 |       |       ||    42
       Shield            |       |    10 |   295 |   170 ||   475

Table legend:
 A = Spawn XP
 B = Non-spawn XP
 C = Spawn XP percentage of total XP
 D = Spawn monster count
 E = Non-spawn monster count
 F = Spawn count percentage of total count
 G = Total turns spent on level
                    A         B        C        D         E        F      G
               +---------+---------+-------+---------+---------+-------+---------
         Total |       0 |   14182 |   0.0 |       0 |     273 |   0.0 | 15343
               +---------+---------+-------+---------+---------+-------+---------
           D:1 |       0 |      43 |   0.0 |       0 |      21 |   0.0 |  1222
           D:2 |       0 |     311 |   0.0 |       0 |      46 |   0.0 |  1449
           D:3 |       0 |     213 |   0.0 |       0 |      27 |   0.0 |  1306
           D:4 |       0 |     204 |   0.0 |       0 |      14 |   0.0 |  1886
           D:5 |       0 |     726 |   0.0 |       0 |      23 |   0.0 |  1886
           D:6 |       0 |     474 |   0.0 |       0 |      12 |   0.0 |   698
           D:7 |       0 |    1164 |   0.0 |       0 |      17 |   0.0 |  1989
           D:8 |       0 |    2690 |   0.0 |       0 |      29 |   0.0 |  1949
           D:9 |       0 |    2877 |   0.0 |       0 |      32 |   0.0 |  1515
          D:10 |       0 |    2101 |   0.0 |       0 |      34 |   0.0 |   982
        Lair:1 |       0 |    3379 |   0.0 |       0 |      18 |   0.0 |   356
               +---------+---------+-------+---------+---------+-------+---------
